 Dungeon Crawl Stone Soup version 0.32-a0-585-gef4fe23122 (webtiles) character file.

Game seed: 16849935464019813634

1582687 Flugkiller the Impaler (level 25, 201/201 HPs)
             Began as a Gnoll Air Elementalist on Mar 2, 2024.
             Was an Initiate of Gozag.
             Escaped with the Orb
             ... and 3 runes!
             The game lasted 02:03:11 (71720 turns).

Flugkiller the Impaler (Gnoll Air Elementalist)    Turns: 71720, Time: 02:03:12

Health: 201/201    AC: 32    Str: 10    XL:     25   Next: 89%
Magic:  44/44      EV: 16    Int: 20    God:    Gozag
Gold:   3142       SH: 16    Dex: 17    Spells: 17/59 levels left

rFire   + . .        R - +9 quick blade (chaos)
rCold   + . .        r - +1 kite shield {rPois}
rNeg    . . .        e - +6 scale mail {rF+}
rPois   +            (helmet restricted)
rElec   .            M - +2 cloak {Will+}
rCorr   .            l - +2 pair of gloves
SInv    .            I - +1 pair of boots "Iggusah" {rC+}
Will    ++...        L - amulet of regeneration
Stlth   ++           H - +4 ring of protection
HPRegen 1.33/turn    w - +4 ring of slaying
MPRegen 0.29/turn

%: no passive effects
@: studying Polearms
A: fangs 1, strong nose, distributed training, horns 1, iridescent scales 1
0: Orb of Zot
}: 3/15 runes: serpentine, barnacled, silver
a: Renounce Religion, Potion Petition, Call Merchant, Bribe Branch


You escaped.
You worshipped Gozag.
Gozag was most pleased with you.
You visited 8 branches of the dungeon, and saw 44 of its levels.
You visited the Abyss 1 time.
You visited 1 bazaar.
You also visited: Sewer and Ice Cave.

You collected 22773 gold pieces.
You spent 4528 gold pieces at shops.
You paid 15103 gold pieces to Gozag.

Inventory:

Hand Weapons
 R - a +9 quick blade of chaos (weapon)
   (You bought it in a shop on level 2 of the Orcish Mines)
 U - the +7 hand cannon "Mule" {flame, backblast, rF+}
   (You bought it in a shop in a bazaar)

   rF+:       It protects you from fire.
Missiles
 J - 3 curare-tipped darts
 W - 11 throwing nets (quivered)
Armour
 e - a +6 scale mail of fire resistance (worn)
   (You took it off a gnoll sergeant on level 12 of the Dungeon)
 l - a +2 pair of gloves (worn)
   (You found it on level 2 of the Dungeon)
 r - a +1 kite shield of poison resistance (worn)
   (You took it off a naga warrior on level 4 of the Snake Pit)
 u - the +2 helmet of Qaelij {Dex+3}
   (You found it in an ice cave)

   Dex+3:     It affects your dexterity (+3).
 B - +0 swamp dragon scales
   (You took it off Maggie on level 8 of the Dungeon)
 I - the +1 pair of boots "Iggusah" (worn) {rC+}
   (You acquired it on level 1 of the Shoals)

   rC+:       It protects you from cold.
 M - a +2 cloak of willpower (worn)
   (You took it off Maurice on level 8 of the Dungeon)
Jewellery
 f - a ring of protection from fire
   (You took it off a vault guard on level 5 of the Vaults)
 i - a ring of see invisible
   (You found it on level 2 of the Dungeon)
 j - a +4 ring of slaying
   (You bought it in a shop on level 3 of the Snake Pit)
 m - a ring of willpower
   (You took it off a merfolk impaler on level 4 of the Shoals)
 p - a ring of protection from cold
   (You found it on level 3 of the Dungeon)
 w - a +4 ring of slaying (right hand)
   (You took it off a vault guard on level 5 of the Vaults)
 x - the amulet of Foyj {Spirit Dex+2}
   (You took it off a white draconian in an ice cave)

   [amulet of guardian spirit]

   Spirit:    It causes incoming damage to be divided between your reserves of
   health and magic.
   Dex+2:     It affects your dexterity (+2).
 H - a +4 ring of protection (left hand)
   (You took it off a draconian knight in an ice cave)
 L - an amulet of regeneration (around neck)
   (You found it on level 13 of the Dungeon)
 S - the ring of Vanity {rPois rN+}
   (You took it off a deep elf high priest on level 5 of the Vaults)

   [ring of poison resistance]

   rPois:     It protects you from poison.
   rN+:       It protects you from negative energy.
 T - a +4 ring of protection
   (You found it on level 2 of the Lair of Beasts)
Talismans
 A - a granite talisman
   (You found it on level 2 of the Dungeon)
Wands
 g - a wand of quicksilver (23)
   (You found it on level 1 of the Snake Pit)
 y - a wand of warping (14)
   (You found it on level 7 of the Dungeon)
 P - a wand of paralysis (13)
   (You found it on level 10 of the Dungeon)
 V - a wand of mindburst (41)
   (You found it on level 5 of the Lair of Beasts)
 Z - a wand of digging (11)
   (You found it on level 13 of the Dungeon)
Scrolls
 c - 2 scrolls of fog
 k - 8 scrolls of immolation
 s - 3 scrolls of revelation
 t - 6 scrolls of teleportation
 v - 5 scrolls of summoning
 z - 5 scrolls of blinking
 D - 13 scrolls of vulnerability
 G - 2 scrolls of silence
 O - 6 scrolls of poison
 Q - 4 scrolls of fear
Potions
 b - 5 potions of magic
 d - 5 potions of might
 h - 4 potions of haste
 n - 2 potions of resistance
 o - 8 potions of mutation
 q - 8 potions of curing
 E - a potion of ambrosia
 F - a potion of enlightenment
 K - 2 potions of invisibility
 X - 3 potions of cancellation
 Y - 2 potions of berserk rage
Miscellaneous
 a - a phial of floods
   (You bought it in a shop on level 2 of the Orcish Mines)
 C - a box of beasts
   (You found it on level 2 of the Lair of Beasts)
 N - a phantom mirror
   (You bought it in a shop in a bazaar)


   Skills:
 + Level 17.1 Fighting
 + Level 17.1 Short Blades
 + Level 17.1 Long Blades
 + Level 17.1 Axes
 + Level 17.1 Maces & Flails
 + Level 19.8 Polearms
 + Level 17.1 Staves
 + Level 17.1 Ranged Weapons
 + Level 17.1 Throwing
 + Level 17.1 Armour
 + Level 17.7 Dodging
 + Level 17.6 Stealth
 + Level 17.1 Shields
 + Level 17.1 Unarmed Combat
 + Level 17.8 Spellcasting
 + Level 14.8 Conjurations
 + Level 14.6 Hexes
 + Level 14.6 Summonings
 + Level 14.6 Necromancy
 + Level 14.6 Translocations
 + Level 14.6 Fire Magic
 + Level 14.6 Ice Magic
 + Level 15.5 Air Magic
 + Level 14.6 Earth Magic
 + Level 14.6 Alchemy
 + Level 18.6 Invocations
 + Level 17.1 Evocations
 + Level 15.8 Shapeshifting


You had 17 spell levels left.
You knew the following spells:

 Your Spells              Type           Power      Damage    Failure   Level
a - Shock                 Conj/Air       100%       1d9       1%          1
b - Airstrike             Air            34%        2d(5-21)  1%          4
c - Sticky Flame          Fire/Alch      66%        2d11      1%          4
d - Freezing Cloud        Conj/Ice/Air   33%        6-21      1%          5
e - Borgnjor's Vile Clut  Necr/Erth      33%        N/A       1%          5
f - Confusing Touch       Hex            66%        N/A       1%          3
g - Silence               Hex/Air        33%        N/A       1%          5
h - Summon Forest         Summ/Tloc      33%        N/A       1%          5
i - Irradiate             Conj/Alch      33%        3d22      1%          5
r - Blink                 Tloc           100%       N/A       1%          2
w - Swiftness             Air            68%        N/A       1%          3

Your spell library contained the following spells:

 Spells                   Type           Power      Damage    Failure   Level
 Apportation              Tloc           100%       N/A       1%          1
 Foxfire                  Conj/Fire      100%       2x1d9     1%          1
 Freeze                   Ice            100%       1d10      1%          1
 Kiss of Death            Conj/Necr      100%       2d13      1%          1
 Magic Dart               Conj           100%       1d8       1%          1
 Necrotise                Necr           100%       1d9       1%          1
 Slow                     Hex            100%       N/A       1%          1
 Sting                    Conj/Alch      100%       1d9       1%          1
 Summon Small Mammal      Summ           100%       N/A       1%          1
 Call Imp                 Summ           100%       N/A       1%          2
 Cigotuvi's Dreadful Rot  Necr/Alch/Air  100%       N/A       1%          2
 Ensorcelled Hibernation  Hex/Ice        100%       N/A       1%          2
 Jinxbite                 Hex            100%       N/A       1%          2
 Lesser Beckoning         Tloc           100%       N/A       1%          2
 Searing Ray              Conj           100%       2d8       1%          2
 Static Discharge         Conj/Air       100%       3-8/arc   1%          2
 Sublimation of Blood     Necr           66%        N/A       1%          2
 Call Canine Familiar     Summ           66%        N/A       1%          3
 Frozen Ramparts          Ice            100%       1d16      1%          3
 Gell's Gravitas          Tloc           66%        N/A       1%          3
 Hailstorm                Conj/Ice       67%        3d12      1%          3
 Inner Flame              Hex/Fire       66%        N/A       1%          3
 Mephitic Cloud           Conj/Alch/Air  67%        N/A       1%          3
 Sigil of Binding         Hex            66%        N/A       1%          3
 Summon Ice Beast         Ice/Summ       66%        N/A       1%          3
 Teleport Other           Tloc           66%        N/A       1%          3
 Tukima's Dance           Hex            66%        N/A       1%          3
 Vampiric Draining        Necr           66%        2d10      1%          3
 Volatile Blastmotes      Fire/Tloc      100%       2d18      1%          3
 Anguish                  Hex/Necr       33%        N/A       1%          4
 Animate Armour           Summ/Erth      100%       N/A       1%          4
 Dimensional Bullseye     Hex/Tloc       33%        N/A       1%          4
 Dispel Undead            Necr           66%        3d23      1%          4
 Flame Wave               Conj/Fire      67%        2d15      1%          4
 Fulminant Prism          Conj/Alch      33%        3d15      1%          4
 Ignite Poison            Fire/Alch      66%        N/A       1%          4
 Iskenderun's Mystic Bla  Conj/Tloc      67%        2d14      1%          4
 Leda's Liquefaction      Alch/Erth      33%        N/A       1%          4
 Manifold Assault         Tloc           66%        N/A       1%          4
 Passage of Golubria      Tloc           66%        N/A       1%          4
 Petrify                  Alch/Erth      66%        N/A       1%          4
 Summon Blazeheart Golem  Fire/Summ      66%        N/A       1%          4
 Summon Lightning Spire   Summ/Air       67%        N/A       1%          4
 Alistair's Intoxication  Alch           44%        N/A       1%          5
 Iskenderun's Battlesphe  Conj           67%        2d12      1%          5
 Yara's Violent Unravell  Hex/Alch       33%        3d14      1%          5
 Plasma Beam              Fire/Air       33%        2x1d46    6%          6
 Bombard                  Conj/Erth      33%        9d6       7%          6
 Starburst                Conj/Fire      33%        6d10      7%          6
 Eringya's Noxious Bog    Alch           33%        4d6       8%          6
 Sculpt Simulacrum        Ice/Alch       33%        N/A       8%          6
 Spellforged Servitor     Conj/Summ      33%        N/A       36%         7
 Enfeeble                 Hex            33%        N/A       38%         7
 Haunt                    Necr/Summ      33%        N/A       38%         7
 Summon Hydra             Summ           33%        N/A       38%         7
 Disjunction              Tloc           33%        N/A       97%         8
 Ignition                 Fire           33%        3d10      97%         8
 Infestation              Necr           33%        N/A       97%         8
 Chain Lightning          Conj/Air       34%        3d45      100%        9
 Fire Storm               Conj/Fire      33%        8d9       100%        9
 Shatter                  Erth           33%        3d27*     100%        9
 Animate Dead             Necr           Unusable   N/A       N/A         4

Dungeon Overview and Level Annotations

Branches:
Dungeon (15/15)            Temple (0/1) D:5            Lair (5/5) D:9
 Shoals (4/4) Lair:2        Snake (4/4) Lair:3        Slime (0/5) Lair:5
    Orc (2/2) D:12            Elf (0/3) Orc:2        Vaults (5/5) D:14
  Crypt (0/3) Vaults:2     Depths (4/4) D:15            Zot (5/5) Depths:4
  Sewer (visited)           IceCv (visited)

Altars:
Ashenzari
Cheibriados
Dithmenos
Elyvilon
Fedhas
Gozag
Kikubaaqudgha
Okawaru
Qazlal
Trog
Wu Jian
Xom
Yredelemnul
Beogh
Jiyva

Shops:
D:5 !   Orc:1 (=[?   Orc:2 [(*(*!!   Snake:1 [*   Snake:3 =:=   Vaults:1 *
Vaults:5 =   Depths:4 [(

Portals:
Hell: Depths:1 Depths:3 Depths:4
Abyss: Depths:1 Depths:3 Depths:4
Pandemonium: Depths:2 Depths:4
Ziggurat: Depths:1

Annotations:
D:3 3 runed translucent doors, Revguard's ghost, amateur CoBr
D:6 1 runed translucent door, Crazy Yiuf
D:8 2 transporters, SkaryMonk's ghost, novice CoGl
D:13 Rupert
Lair:5 1 runed translucent door
Snake:1 Louise
Vaults:3 3 runed translucent doors
Depths:1 exclusions: angel and 3 more exclusions
Zot:1 exclusion: door
Zot:5 2 exclusions


Innate Abilities, Weirdness & Mutations

You have very sharp teeth.
Your uncanny sense of smell can sniff out nearby items.
Your experience applies equally to all skills.
You have a pair of small horns on your head.
You are partially covered in iridescent scales. (AC +2)


Message History

There is a stone staircase leading up here.
You climb upwards.
Level annotation: 2 transporters, SkaryMonk's ghost, novice CoGl
There is a stone staircase leading down here.
There is an open door here.
There is an open door here.
There is a stone staircase leading up here.
You climb upwards.
There is a stone staircase leading down here.
A toenail golem comes into view.
You block the toenail golem's attack.
A golden eye comes into view.
There is a stone staircase leading up here.
You climb upwards.
Level annotation: 1 runed translucent door, Crazy Yiuf
There is a stone staircase leading down here.
What level of the Dungeon? (default 1, ? - help)
You see here a +0 morningstar.
There is a stone staircase leading up here.
You climb upwards.
There is a stone staircase leading down here.
There is a stone staircase leading up here.
You see here a scroll of torment.
You climb upwards.
There is a stone staircase leading down here.
A reaper comes into view. It is wielding a +1 scythe of venom.
The reaper hits you but does no damage. The reaper hits you but does no damage.
You puncture the reaper! You burn the reaper. You puncture the reaper!
The reaper suddenly seems more resistant.
You headbutt the reaper, but do no damage.
The reaper is moderately wounded.
You hit the reaper but do no damage.
You headbutt the reaper, but do no damage.
You hit the reaper. You burn the reaper. You headbutt the reaper.
The reaper is moderately wounded.
You block the reaper's attack.
You hit the reaper but do no damage. You bite the reaper, but do no damage.
You hit the reaper but do no damage.
The reaper is moderately wounded.
You barely miss the reaper. You hit the reaper. You burn the reaper.
The reaper is heavily wounded.
The reaper barely misses you.
You hit the reaper. You barely miss the reaper.
You headbutt the reaper, but do no damage.
The reaper is heavily wounded.
You block the reaper's attack.
You hit the reaper but do no damage. Your headbutt misses the reaper.
You completely miss the reaper. Your headbutt misses the reaper.
You bite the reaper.
The reaper is heavily wounded.
You hit the reaper.
The reaper convulses.
You headbutt the reaper, but do no damage.
You bite the reaper, but do no damage. You hit the reaper.
You headbutt the reaper.
The reaper is severely wounded.
The reaper hits you with a +1 scythe of venom!
The reaper drags you backwards!
You are poisoned.
You completely miss the reaper. You headbutt the reaper. You bite the reaper.
You puncture the reaper!
The reaper is duplicated!
You headbutt the reaper, but do no damage.
The reaper is almost dead.
You feel very sick.
You hit the reaper.
Nothing appears to happen.
You barely miss the reaper.
The reaper is almost dead.
You feel sick. The reaper barely misses you.
Your reaper barely misses the reaper.
You puncture the reaper!
You kill the reaper!
You feel sick.
You feel very sick.
You now have 3142 gold pieces (gained 5).
You see here a +1 scythe of venom.
You feel sick.
You can't carry that many items.
What level of the Dungeon? (default 1, ? - help)
You feel sick.
You feel sick.
You feel sick.
You feel sick.
You feel sick.
You feel sick.
You are no longer poisoned.
There is a stone staircase leading up here.
You climb upwards.
Your mindless puppet stays behind.
Level annotation: 3 runed translucent doors, Revguard's ghost, amateur CoBr
There is a stone staircase leading down here.
A reaper comes into view. It is wielding a +1 scythe of venom.
There is a stone staircase leading up here.
You climb upwards.
There is a stone staircase leading down here.
There is a stone staircase leading up here.
You climb upwards.
There is a stone staircase leading down here.
There is an open gate here.
There is a staircase leading out of the dungeon here.
Unknown command.
Enter note: gg You have escaped!

####### #..@..#
##...## #%###.#
#ß'''ß# ###.###
#.################
#.................
##########.#######
#.# ##


There were no monsters in sight!

Vanquished Creatures
  2 dread liches
  A Killer Klown (Zot:3)
  A caustic shrike (Zot:3)
  9 golden dragons
  2 bone dragons (Depths:4)
  Mlioglotl (Shoals:1)
  Zenata (Vaults:2)
  9 tentacled monstrosities
  Jorgrun (D:12)
  6 Orb Guardians (Zot:5)
  A walking crystal tome (Depths:3)
  A titan (Vaults:5)
  2 quicksilver dragons
  5 sphinxes
  2 tentacled starspawn (Abyss:3)
  Polyphemus (Shoals:2)
  A kraken (Shoals:1)
  3 tengu reavers
  A death cob (Zot:5)
  Kirke (D:12)
  9 storm dragons
  7 shadow dragons
  Aizul (Shoals:2)
  A draconian monk (Depths:4)
  Donald (Snake:2)
  3 protean progenitors (Zot:3)
  A nagaraja (Snake:2)
  2 draconian scorchers (Zot:5)
  4 iron dragons
  10 fire giants
  3 draconian shifters
  A deep elf sorcerer (Vaults:2)
  5 frost giants
  21 vault wardens
  A ghost moth (Vaults:5)
  2 draconian stormcallers
  6 draconian knights
  An emperor scorpion (Vaults:5)
  A balrug (Orc:1)
  A reaper (D:4)
  A draconian annihilator (Zot:3)
  14 stone giants
  2 broodmothers (Zot:3)
  2 formless jellyfish (Vaults:4)
  5 spriggan defenders
  12 ironbound preservers
  5 orc warlords
  8 green draconians
  A vampire knight (Depths:3)
  9 very ugly things
  11 ironbound thunderhulks
  A lorocyproca (Depths:4)
  2 deep elf demonologists
  6 dire elephants
  4 black draconians
  11 white draconians
  A deep elf annihilator (Vaults:2)
  A spark wasp (Depths:3)
  3 yellow draconians
  4 war gargoyles (Vaults:5)
  2 red draconians (Zot:3)
  6 purple draconians
  14 ettins
  Josephine (D:14)
  A quicksilver dragon zombie (D:15)
  2 merfolk javelineers
  17 yaktaur captains
  4 deep elf high priests (Vaults:5)
  The ghost of anet the Geomancer, a journeyman GrCj of Hepliaklqana (Lair:2)
  2 jiangshi (Depths:1)
  11 merfolk impalers
  A fire dragon (Depths:3)
  An entropy weaver (shapeshifter) (D:15)
  An entropy weaver (Vaults:3)
  2 peacekeepers
  3 great orbs of eyes
  A hell beast (Depths:3)
  32 vault guards
  6 hydras
  2 death knights (Vaults:2)
  17 ironbound frosthearts
  2 rakshasas
  A spriggan air mage (Depths:4)
  A spriggan skeleton (Depths:1)
  20 centaur warriors
  12 anacondas
  3 ogre magi (Vaults:2)
  6 ice dragons
  8 salamander tyrants
  4 merfolk avatars
  A catoblepas (Lair:5)
  3 satyrs
  5 boulder beetles
  A sphinx skeleton (D:15)
  4 vampire magi
  3 deep troll earth magi
  An alligator snapping turtle (Shoals:4)
  4 deep troll shamans
  A two-headed ogre (shapeshifter) (Depths:3)
  3 merfolk aquamancers (Shoals:4)
  7 naga sharpshooters
  8 death yaks
  3 orc high priests (Orc:2)
  6 shock serpents
  4 tengu warriors
  Nergalle (Lair:1)
  4 thrashing horrors (Abyss:3)
  9 spriggan berserkers
  16 naga warriors
  2 occultists
  3 soul eaters
  7 sun demons
  15 hell knights
  7 iron trolls
  11 sea snakes
  A death drake (Zot:3)
  8 mana vipers
  2 skysharks
  6 arcanists
  2 skeletal warriors (D:15)
  8 salamander mystics
  A spark wasp zombie (D:15)
  56 deep trolls
  A goliath frog (Zot:4)
  A sea snake (shapeshifter) (Depths:1)
  A shock serpent (shapeshifter) (Vaults:5)
  A sun moth (Shoals:2)
  An orb spider (shapeshifter) (Vaults:5)
  A flayed ghost (Vaults:5)
  7 naga ritualists
  4 phantasmal warriors
  22 ironbound convokers
  7 necromancers
  8 lindwurms
  8 harpies
  2 deep elf pyromancers (D:14)
  A faun (shapeshifter) (Vaults:5)
  23 ugly things
  An oklob plant (Abyss:3)
  5 fauns (Shoals:3)
  5 orc sorcerers
  A shadow dragon skeleton (Depths:1)
  13 orc knights
  7 cyclopes
  Maurice (D:8)
  17 elephants
  29 salamanders
  11 manticores
  2 large abominations (Abyss:3)
  8 moths of wrath
  3 meliai (D:14)
  35 black mambas
  2 water nymphs (shapeshifter)
  6 merfolk sirens
  A fire giant skeleton (Depths:1)
  7 naga magi
  14 vault sentinels
  An orange demon (D:14)
  2 unseen horrors
  A torpor snail (Lair:2)
  13 cane toads
  Maggie (D:8)
  4 rime drakes
  7 water nymphs
  7 guardian serpents
  7 smoke demons
  A torpor snail (shapeshifter) (Vaults:1)
  7 storm dragon simulacra (IceCv)
  3 gargoyles
  2 eyes of devastation (shapeshifter)
  4 kobold demonologists
  23 yaktaurs
  12 komodo dragons
  A freezing wraith (Vaults:5)
  2 tengu conjurers
  6 golden dragon simulacra (IceCv)
  27 merfolk
  2 ancient zymes (Abyss:3)
  2 ice devils (Lair:3)
  6 polar bears
  7 trolls
  A merfolk (shapeshifter) (Vaults:1)
  5 wind drakes
  A wind drake (shapeshifter) (Vaults:1)
  3 raiju (Abyss:3)
  A wolf spider simulacrum (D:15)
  10 hornets
  28 blink frogs
  11 snapping turtles
  2 glass eyes
  Grinder (D:6)
  13 dream sheep
  A jumping spider (Vaults:3)
  27 slime creatures
  10 spriggans
  5 wyverns
  Sigmund (D:2)
  3 wraiths
  A vampire (D:7)
  A hog (shapeshifter) (D:14)
  6 basilisks
  2 shadows
  10 water elementals
  A hog (D:11)
  43 yaks
  5 wargs
  A steam dragon (D:9)
  A redback (Vaults:3)
  A chaos spawn (Abyss:3)
  Menkaure (D:6)
  30 nagas
  A swamp worm (shapeshifter) (Vaults:5)
  4 acid dragons
  15 water moccasins
  7 hell hounds
  An ice beast (D:5)
  3 sky beasts (D:7)
  36 orc warriors
  A swamp drake (shapeshifter) (D:14)
  3 black bears
  5 laughing skulls
  4 ice dragon simulacra (IceCv)
  33 wolves
  18 centaurs
  8 ogres
  2 kobold brigands
  A weeping skull (Abyss:3)
  4 brain worms
  13 bullfrogs
  A gnoll sergeant (D:12)
  4 scorpions
  A cane toad simulacrum (Lair:3)
  A small abomination (Abyss:3)
  14 wights
  3 lindwurm simulacra (IceCv)
  11 killer bees
  2 howler monkeys (D:8)
  4 electric eels
  4 bombardier beetles (D:5)
  7 hounds
  7 jellies
  38 orc priests
  17 starcursed masses (Abyss:3)
  4 sleepcaps
  A gnoll bouda (D:9)
  Jessica (D:3)
  5 iguanas
  43 orc wizards
  A polar bear simulacrum (Lair:3)
  3 spriggan simulacra
  2 hound zombies (D:3)
  Robin (D:2)
  11 gnolls
  A naga simulacrum (Lair:3)
  11 adders
  3 river rats
  2 shadow imps
  5 white imps
  6 ufetubi
  A dart slug (D:2)
  A ribbon worm (D:4)
  88 orcs
  9 ball pythons
  10 endoplasms
  2 giant cockroaches
  14 goblins
  11 hobgoblins
  3 quokkas
  4 bats (D:3)
  8 frilled lizards
  12 kobolds
  15 rats
  An aspiring flesh (Zot:3)
  A butterfly (Lair:1)
  A snaplasher vine (Zot:3)
  2 starspawn tentacles (Abyss:3)
1818 creatures vanquished.

Vanquished Creatures (collateral kills)
  3 Orb Guardians (Zot:5)
  A draconian scorcher (Zot:1)
  A ghost moth (Zot:5)
  A boulder beetle (D:14)
  A moth of wrath (Zot:5)
  2 wraiths (D:14)
  A hog (shapeshifter) (D:14)
10 creatures vanquished.

Vanquished Creatures (others)
  An orb of fire (Zot:5)
  A Killer Klown (Zot:5)
  Nikola (Snake:2)
  3 Orb Guardians (Zot:5)
  A draconian knight (Zot:2)
  2 draconian stormcallers
  2 black draconians (Zot:5)
  2 ice dragons (Zot:3)
  A catoblepas (Shoals:2)
  A moth of wrath (Zot:5)
  A scorpion (D:5)
  A bombardier beetle (D:5)
  2 orcs (Orc:1)
  4 starspawn tentacles (Abyss:3)
  4 tentacles (Shoals:1)
27 creatures vanquished.

Grand Total: 1855 creatures vanquished

Notes
Turn   | Place    | Note
-------+----------+-------------------------------------------
     0 | D:1      | Flugkiller the Gnoll Air Elementalist began the quest for
                  | the Orb.
     0 | D:1      | Reached XP level 1. HP: 13/13 MP: 6/6
   145 | D:1      | Reached XP level 2. HP: 19/19 MP: 2/7
   505 | D:1      | Found a faded altar of an unknown god.
   699 | D:2      | Reached skill level 5 in Spellcasting
   699 | D:2      | Reached XP level 3. HP: 25/25 MP: 5/9
   821 | D:2      | Reached skill level 1 in Invocations
   901 | D:2      | Reached skill level 1 in Fighting
   901 | D:2      | Reached skill level 1 in Short Blades
   901 | D:2      | Reached skill level 1 in Long Blades
   901 | D:2      | Reached skill level 1 in Axes
   901 | D:2      | Reached skill level 1 in Maces & Flails
   901 | D:2      | Reached skill level 1 in Polearms
   901 | D:2      | Reached skill level 1 in Staves
   901 | D:2      | Reached skill level 1 in Ranged Weapons
   901 | D:2      | Reached skill level 1 in Throwing
   901 | D:2      | Reached skill level 1 in Armour
   901 | D:2      | Reached skill level 1 in Shields
   901 | D:2      | Reached skill level 1 in Unarmed Combat
   901 | D:2      | Reached skill level 1 in Evocations
  1088 | D:2      | Reached skill level 1 in Hexes
  1088 | D:2      | Reached skill level 1 in Summonings
  1088 | D:2      | Reached skill level 1 in Necromancy
  1088 | D:2      | Reached skill level 1 in Translocations
  1088 | D:2      | Reached skill level 1 in Fire Magic
  1088 | D:2      | Reached skill level 1 in Ice Magic
  1088 | D:2      | Reached skill level 1 in Earth Magic
  1088 | D:2      | Reached skill level 1 in Alchemy
  1088 | D:2      | Reached skill level 1 in Shapeshifting
  1088 | D:2      | Reached XP level 4. HP: 18/32 MP: 0/11
  1226 | D:2      | Noticed Robin
  1234 | D:2      | Killed Robin
  1365 | D:2      | Noticed Sigmund
  1389 | D:2      | Killed Sigmund
  1390 | D:2      | Reached skill level 5 in Dodging
  1390 | D:2      | Reached XP level 5. HP: 25/38 MP: 4/12
  1390 | D:2      | Reached XP level 6. HP: 29/44 MP: 4/14
  1501 | D:2      | Reached skill level 2 in Polearms
  2023 | D:2      | Learned a level 3 spell: Swiftness
  2061 | D:3      | Found a glowing drain.
  2113 | Sewer    | Entered a sewer
  2485 | Sewer    | Reached XP level 7. HP: 51/51 MP: 9/15
  2738 | D:3      | Found a runed translucent gate.
  2738 | D:3      | Found a runed translucent gate.
  2738 | D:3      | Found a runed translucent gate.
  2738 | D:3      | Noticed Revguard's ghost (amateur CoBr)
  2741 | D:3      | Found a basalt altar of Yredelemnul.
  2827 | D:3      | Noticed Jessica
  2829 | D:3      | Found an opulent altar of Gozag.
  2833 | D:3      | Killed Jessica
  2908 | D:3      | Became a worshipper of Gozag Ym Sagoz the Greedy
  3844 | D:4      | Reached skill level 5 in Stealth
  4188 | D:4      | Found a bloodstained altar of Trog.
  4479 | D:4      | Reached skill level 3 in Polearms
  4479 | D:4      | Reached XP level 8. HP: 58/58 MP: 8/16
  4883 | D:5      | Entered Level 5 of the Dungeon
  4891 | D:5      | Learned a level 4 spell: Airstrike
  5479 | D:5      | Found Dunyen's Distillery.
  5564 | D:5      | Found a staircase to the Ecumenical Temple.
  5805 | D:5      | Found a shimmering altar of Xom.
  6623 | D:6      | Noticed Grinder
  6691 | D:6      | Killed Grinder
  6692 | D:6      | Reached skill level 4 in Polearms
  6692 | D:6      | Reached XP level 9. HP: 64/65 MP: 0/18
  6858 | D:6      | Found an ancient bone altar of Kikubaaqudgha.
  7162 | D:6      | Found a white marble altar of Elyvilon.
  7202 | D:6      | Found a runed translucent door.
  7203 | D:6      | Noticed Crazy Yiuf
  7364 | D:6      | Noticed Menkaure
  7396 | D:6      | Killed Menkaure
  7787 | D:7      | Found a shadowy altar of Dithmenos.
  7998 | D:7      | Reached skill level 5 in Invocations
  8746 | D:7      | Noticed a boulder beetle
  8749 | D:7      | Noticed a troll
  8784 | D:7      | Killed a boulder beetle
  8785 | D:7      | Reached skill level 5 in Fighting
  8785 | D:7      | Reached skill level 5 in Short Blades
  8785 | D:7      | Reached skill level 5 in Long Blades
  8785 | D:7      | Reached skill level 5 in Axes
  8785 | D:7      | Reached skill level 5 in Maces & Flails
  8785 | D:7      | Reached skill level 5 in Polearms
  8785 | D:7      | Reached skill level 5 in Staves
  8785 | D:7      | Reached skill level 5 in Ranged Weapons
  8785 | D:7      | Reached skill level 5 in Throwing
  8785 | D:7      | Reached skill level 5 in Armour
  8785 | D:7      | Reached skill level 5 in Shields
  8785 | D:7      | Reached skill level 5 in Unarmed Combat
  8785 | D:7      | Reached skill level 5 in Evocations
  8785 | D:7      | Reached XP level 10. HP: 25/74 MP: 9/21
  9048 | D:7      | Noticed a manticore
  9173 | D:7      | Killed a manticore
  9174 | D:7      | Reached skill level 5 in Conjurations
  9332 | D:7      | Reached skill level 5 in Shapeshifting
  9509 | D:7      | Noticed a centaur warrior
  9520 | D:7      | Killed a centaur warrior
  9657 | D:7      | Noticed a gargoyle
  9705 | D:7      | Killed a gargoyle
  9894 | D:7      | Noticed a cyclops
  9902 | D:7      | Killed a cyclops
  9903 | D:7      | Reached skill level 6 in Polearms
 10092 | D:7      | Reached skill level 5 in Hexes
 10092 | D:7      | Reached skill level 5 in Summonings
 10092 | D:7      | Reached skill level 5 in Necromancy
 10092 | D:7      | Reached skill level 5 in Translocations
 10092 | D:7      | Reached skill level 5 in Fire Magic
 10092 | D:7      | Reached skill level 5 in Ice Magic
 10092 | D:7      | Reached skill level 5 in Earth Magic
 10092 | D:7      | Reached skill level 5 in Alchemy
 10092 | D:7      | Reached XP level 11. HP: 81/81 MP: 9/22
 10488 | D:7      | Noticed a manticore
 10528 | D:7      | Killed a manticore
 10831 | D:8      | Noticed Maggie
 11058 | D:8      | Found a transporter.
 11064 | D:8      | Noticed SkaryMonk's ghost (novice CoGl)
 11080 | D:8      | Identified the +5 dire flail of Bankruptcy {freeze, MP+9}
 11080 | D:8      | Identified the +2 giant spiked club "Ogrebane" {vamp, Str+2
                  | Int+3 Stlth-}
 11080 | D:8      | Noticed a two-headed ogre
 11208 | D:8      | Found a transporter.
 11257 | D:8      | Noticed a sixfirhy
 11334 | D:8      | Noticed a sixfirhy
 11453 | D:8      | Noticed Maurice
 11518 | D:8      | Killed Maurice
 11851 | D:8      | Killed Maggie
 12270 | D:9      | Found a staircase to the Lair.
 13610 | D:10     | Entered Level 10 of the Dungeon
 13764 | D:10     | Found a blossoming altar of Fedhas.
 13764 | D:10     | Found an iron altar of Okawaru.
 13767 | D:10     | Found a broken altar of Ashenzari.
 13769 | D:10     | Found a snail-covered altar of Cheibriados.
 13770 | D:10     | Found a stormy altar of Qazlal.
 14063 | D:10     | Found an ornate altar of the Wu Jian Council.
 14295 | D:11     | Noticed a manticore
 14307 | D:11     | Reached skill level 7 in Polearms
 14315 | D:11     | Killed a manticore
 14549 | D:11     | Reached XP level 12. HP: 91/91 MP: 10/24
 14708 | D:11     | Noticed a boulder beetle
 14726 | D:11     | Killed a boulder beetle
 15291 | Lair:1   | Entered Level 1 of the Lair of Beasts
 15523 | Lair:1   | Learned a level 2 spell: Blink
 16639 | Lair:2   | Noticed Nergalle
 16652 | Lair:1   | Killed Nergalle
 16922 | Lair:2   | Found a runed translucent door.
 16926 | Lair:2   | Noticed anet's ghost (journeyman GrCj)
 16927 | Lair:2   | Identified the +2 spear of Ilibu {freeze, rElec Dex+2}
 16942 | Lair:2   | Noticed a seven-headed hydra
 16960 | Lair:2   | Killed a seven-headed hydra
 16980 | Lair:2   | Reached skill level 8 in Polearms
 17410 | Lair:2   | Reached XP level 13. HP: 93/98 MP: 16/26
 17410 | Lair:2   | Found a staircase to the Shoals.
 18786 | Lair:2   | Learned a level 4 spell: Sticky Flame
 18801 | Lair:2   | Identified the +0 scale mail "Vaamyk" {rN+}
 19074 | Lair:2   | Reached skill level 10 in Spellcasting
 19935 | Lair:3   | Identified the +5 rapier of Ru, Flying {speed, *Slow Fly
                  | rN++ rCorr}
 19940 | Lair:3   | Reached skill level 10 in Dodging
 20278 | Lair:3   | Found a staircase to the Snake Pit.
 21181 | Lair:4   | Reached skill level 9 in Polearms
 21190 | Lair:4   | Reached skill level 10 in Stealth
 21578 | Lair:4   | Reached skill level 10 in Invocations
 21578 | Lair:4   | Reached XP level 14. HP: 108/108 MP: 28/28
 21673 | Lair:4   | Reached XP level 15. HP: 69/114 MP: 29/29
 21860 | Lair:4   | Learned a level 5 spell: Irradiate
 21864 | Lair:4   | You fall into a shaft and drop 1 floor!
 21864 | Lair:5   | Entered Level 5 of the Lair of Beasts
 22434 | Lair:4   | Found a shimmering altar of Xom.
 24043 | Lair:5   | Reached skill level 10 in Air Magic
 24537 | Lair:5   | Found a runed translucent door.
 24537 | Lair:5   | Found a viscous altar of Jiyva.
 24537 | Lair:5   | Noticed an azure jelly
 24538 | Lair:5   | Found a staircase to the Slime Pits.
 24538 | Lair:5   | Noticed an azure jelly
 24700 | Lair:5   | Reached skill level 10 in Fighting
 24700 | Lair:5   | Reached skill level 10 in Short Blades
 24700 | Lair:5   | Reached skill level 10 in Long Blades
 24700 | Lair:5   | Reached skill level 10 in Axes
 24700 | Lair:5   | Reached skill level 10 in Maces & Flails
 24700 | Lair:5   | Reached skill level 10 in Polearms
 24700 | Lair:5   | Reached skill level 10 in Staves
 24700 | Lair:5   | Reached skill level 10 in Ranged Weapons
 24700 | Lair:5   | Reached skill level 10 in Throwing
 24700 | Lair:5   | Reached skill level 10 in Armour
 24700 | Lair:5   | Reached skill level 10 in Shields
 24700 | Lair:5   | Reached skill level 10 in Unarmed Combat
 24700 | Lair:5   | Reached skill level 10 in Evocations
 26159 | D:12     | Found a staircase to the Orcish Mines.
 26224 | D:12     | Noticed Kirke
 26429 | D:12     | Killed Kirke
 27287 | D:13     | Noticed Rupert
 27419 | D:13     | Noticed Jorgrun
 27509 | D:12     | Killed Jorgrun
 27965 | D:13     | You fall into a shaft and drop 2 floors!
 27965 | D:15     | Entered Level 15 of the Dungeon
 28194 | D:14     | Found a bloodstained altar of Trog.
 28342 | D:13     | Reached XP level 16. HP: 107/123 MP: 31/31
 28702 | D:14     | Noticed Josephine
 28733 | D:14     | Killed Josephine
 29147 | D:14     | Found a gate to the Vaults.
 29863 | D:15     | Found a staircase to the Depths.
 30395 | Orc:1    | Entered Level 1 of the Orcish Mines
 30395 | Orc:1    | Found Bugeacix's Antique Weapon Boutique.
 30404 | Orc:1    | Found Qila's Jewellery Shop.
 30529 | Orc:1    | Found Coyvupt's Antique Armour Shoppe.
 30617 | Orc:1    | Found a runed translucent door.
 30805 | Orc:2    | Entered Level 2 of the Orcish Mines
 30818 | Orc:2    | Reached skill level 10 in Shapeshifting
 31342 | Orc:2    | Found Alakhuy's Assorted Antiques.
 31342 | Orc:2    | Found Cojeun's Distillery.
 31342 | Orc:2    | Found Koaziryu's Distillery.
 31345 | Orc:2    | Found Bysch's Antique Weapon Emporium.
 31475 | Orc:2    | Bought a potion of resistance for 150 gold pieces
 31476 | Orc:2    | Bought a potion of haste for 130 gold pieces
 31647 | Orc:2    | Found a staircase to the Elven Halls.
 31853 | Orc:2    | Reached skill level 11 in Polearms
 32264 | Orc:2    | Found a roughly hewn altar of Beogh.
 32590 | Orc:2    | Bought a runed quick blade for 558 gold pieces
 32872 | Snake:1  | Entered Level 1 of the Snake Pit
 33170 | Snake:1  | Noticed Louise
 33342 | Snake:1  | Found Pidufi's Armour Boutique.
 33351 | Snake:1  | Learned a level 5 spell: Freezing Cloud
 33764 | Snake:1  | Found Nulit's Needful Niceties.
 34330 | Snake:2  | Reached XP level 17. HP: 121/131 MP: 33/33
 34660 | Snake:2  | Reached skill level 10 in Conjurations
 35211 | Snake:2  | Noticed Donald
 35220 | Snake:2  | Killed Donald
 35489 | Snake:2  | Noticed Nikola
 35770 | Orc:2    | Bought a phial of floods for 920 gold pieces
 36130 | Snake:2  | Killed Nikola
 36429 | Snake:3  | Found Tarivec's Jewellery Boutique.
 36429 | Snake:3  | Found Apaf's Book Shoppe.
 36430 | Snake:3  | Found Peomacw's Jewellery Boutique.
 36558 | Snake:3  | Reached skill level 10 in Hexes
 36558 | Snake:3  | Reached skill level 10 in Summonings
 36558 | Snake:3  | Reached skill level 10 in Necromancy
 36558 | Snake:3  | Reached skill level 10 in Translocations
 36558 | Snake:3  | Reached skill level 10 in Fire Magic
 36558 | Snake:3  | Reached skill level 10 in Ice Magic
 36558 | Snake:3  | Reached skill level 10 in Earth Magic
 36558 | Snake:3  | Reached skill level 10 in Alchemy
 37198 | Snake:4  | Entered Level 4 of the Snake Pit
 37326 | Snake:4  | Found a glacial archway.
 37331 | IceCv    | Entered an ice cave
 38271 | IceCv    | Reached skill level 12 in Polearms
 38662 | IceCv    | Identified the +2 helmet of Qaelij {Dex+3}
 38896 | IceCv    | Identified the amulet of Foyj {Spirit Dex+2}
 40510 | Snake:4  | Reached XP level 18. HP: 137/140 MP: 19/35
 41392 | Snake:4  | Got a serpentine rune of Zot
 41855 | Orc:2    | Bought a bloodstained robe for 210 gold pieces
 41855 | Orc:2    | Identified the +2 robe of Zin's Displeasure {rN+ rCorr}
                  | (You bought it in a shop on level 2 of the Orcish Mines)
 41968 | Orc:1    | Found Vojejem's Magic Scroll Shop.
 41977 | Orc:1    | Bought a scroll of enchant weapon for 127 gold pieces
 41978 | Orc:1    | Bought a scroll of fear for 68 gold pieces
 42417 | Shoals:1 | Entered Level 1 of the Shoals
 42641 | Shoals:1 | Noticed Mlioglotl
 42677 | Shoals:1 | Noticed a bone dragon
 42684 | Shoals:1 | Killed Mlioglotl
 43218 | Shoals:1 | Identified a scroll of acquirement
 43219 | Shoals:1 | Acquired the +1 pair of boots "Iggusah" {rC+}
 43674 | Shoals:2 | Identified the serpent talisman "Isiok" {rC- rN+ Str+2
                  | Stlth+}
 43674 | Shoals:2 | Noticed Aizul
 43682 | Shoals:2 | Killed Aizul
 44043 | Shoals:2 | Noticed Polyphemus
 44072 | Shoals:2 | Killed Polyphemus
 44295 | Shoals:3 | Found a flickering gateway to a bazaar.
 44355 | Bazaar   | Entered a bazaar
 44359 | Bazaar   | Found Guasuwni's Antique Weapon Boutique.
 44381 | Bazaar   | Found Qaptuopsyw's Antique Weapon Emporium.
 44397 | Bazaar   | Found Himnuum's General Store.
 44421 | Bazaar   | Found Nugg's Antique Weapon Shoppe.
 44463 | Bazaar   | Bought a phantom mirror for 600 gold pieces
 44463 | Bazaar   | Bought the +7 hand cannon "Mule" {flame, backblast, rF+}
                  | for 829 gold pieces
 44463 | Bazaar   | Found the +7 hand cannon "Mule" {flame, backblast, rF+}
 44920 | Shoals:3 | Reached skill level 13 in Polearms
 44923 | Shoals:3 | Reached XP level 19. HP: 146/149 MP: 21/36
 45114 | Shoals:4 | Entered Level 4 of the Shoals
 45170 | Shoals:4 | Got the Octavo of Dead Nephomancy
 45517 | Shoals:4 | Got a barnacled rune of Zot
 46161 | Shoals:4 | Identified the +3 halberd of the Owl {freeze, Str+5}
 46789 | Vaults:1 | Entered Level 1 of the Vaults
 48317 | Vaults:1 | Found Yrohorob's Assorted Antiques.
 48792 | Vaults:2 | Reached XP level 20. HP: 158/158 MP: 19/38
 48916 | Vaults:2 | Identified the +5 arbalest "Demonbane" {heavy, *Corrode Fly
                  | rPois Str+8}
 49030 | Vaults:2 | Reached skill level 15 in Invocations
 49198 | Vaults:2 | Got the Secrets of the Amorphous Crater
 49201 | Vaults:2 | Got the Annotations on Chilled Weather
 49205 | Vaults:2 | Got the Essays on the Bonfire and the Comitatus
 49239 | Vaults:2 | Noticed Zenata
 49262 | Vaults:2 | Killed Zenata
 49411 | Vaults:2 | Reached skill level 14 in Polearms
 49719 | Vaults:2 | Found a staircase to the Crypt.
 49913 | Vaults:2 | Identified the amulet of Midwinter {rPois RegenMP+ MP-9
                  | Str+3 Dex+3}
 50101 | Vaults:2 | Learned a level 5 spell: Borgnjor's Vile Clutch
 50433 | Vaults:3 | Reached skill level 15 in Spellcasting
 50809 | Vaults:3 | Reached skill level 15 in Dodging
 51201 | Vaults:3 | Reached skill level 15 in Stealth
 51208 | Vaults:3 | Reached skill level 15 in Polearms
 51240 | Vaults:3 | Found a runed translucent gate.
 51240 | Vaults:3 | Found a runed translucent gate.
 51241 | Vaults:3 | Found a runed translucent gate.
 51395 | Vaults:3 | Reached XP level 21. HP: 166/166 MP: 40/40
 51424 | Vaults:3 | Identified the +0 plate armour "Edunavis" {rElec rPois rF-
                  | Stlth+}
 52325 | Vaults:4 | Found a roughly hewn altar of Beogh.
 53848 | Depths:1 | Entered Level 1 of the Depths
 53884 | Depths:1 | Found a one-way gate to the infinite horrors of the Abyss.
 54597 | Depths:1 | Found a one-way gateway to a ziggurat.
 54815 | Depths:1 | Found a blossoming altar of Fedhas.
 54877 | Depths:1 | Found a gateway to Hell.
 54961 | Depths:2 | Learned a level 3 spell: Confusing Touch
 55020 | Depths:2 | Reached skill level 16 in Polearms
 55099 | Depths:2 | Identified the +6 scimitar "Iteiq" {venom, rPois rF+ rC+
                  | rN+}
 55145 | Depths:2 | Reached skill level 15 in Fighting
 55145 | Depths:2 | Reached skill level 15 in Short Blades
 55145 | Depths:2 | Reached skill level 15 in Long Blades
 55145 | Depths:2 | Reached skill level 15 in Axes
 55145 | Depths:2 | Reached skill level 15 in Maces & Flails
 55145 | Depths:2 | Reached skill level 15 in Staves
 55145 | Depths:2 | Reached skill level 15 in Ranged Weapons
 55145 | Depths:2 | Reached skill level 15 in Throwing
 55145 | Depths:2 | Reached skill level 15 in Armour
 55145 | Depths:2 | Reached skill level 15 in Shields
 55145 | Depths:2 | Reached skill level 15 in Unarmed Combat
 55145 | Depths:2 | Reached skill level 15 in Evocations
 55628 | Depths:2 | Found a one-way gate leading to the halls of Pandemonium.
 55678 | Depths:3 | Noticed a golden dragon
 55685 | Depths:3 | Killed a golden dragon
 55827 | Depths:3 | Reached XP level 22. HP: 133/175 MP: 36/41
 57681 | Depths:3 | Noticed a golden dragon
 57764 | Depths:3 | Killed a golden dragon
 58541 | Depths:4 | Entered Level 4 of the Depths
 58828 | Depths:4 | Reached skill level 17 in Polearms
 60326 | Depths:4 | Found a gate to the Realm of Zot.
 60878 | Snake:3  | Bought a +4 ring of slaying for 936 gold pieces
 61520 | Vaults:5 | Entered Level 5 of the Vaults
 61521 | Vaults:5 | Noticed a golden dragon
 61607 | Vaults:5 | Identified the +8 rapier of the Imbibing Jester {vamp,
                  | rPois Str+3}
 61615 | Vaults:5 | Found Distraogo's Jewellery Boutique.
 61621 | Vaults:5 | Reached XP level 23. HP: 87/183 MP: 27/43
 61901 | Vaults:5 | Noticed a golden dragon
 61927 | Vaults:5 | Killed a golden dragon
 61998 | Vaults:5 | Identified the ring of Uloew {Fire rN++ rCorr}
 62396 | Vaults:5 | Reached skill level 18 in Polearms
 62476 | Vaults:5 | Noticed a golden dragon
 62499 | Vaults:5 | Killed a golden dragon
 62703 | Vaults:5 | Got a silver rune of Zot
 63081 | Vaults:5 | Reached skill level 15 in Shapeshifting
 63297 | Vaults:5 | Killed a golden dragon
 63340 | Vaults:5 | Identified the +1 flail of Escho Bir {pain, rElec rPois
                  | rC+}
 63340 | Vaults:5 | Identified the ring of Vanity {rPois rN+}
 63486 | Vaults:5 | Noticed a dread lich
 63521 | Vaults:5 | Identified the +0 ring mail of the Devil {Int+6}
 63565 | Vaults:5 | Got Lom Lobon's Almanac of Superposition
 63612 | Vaults:5 | Identified the +0 ring mail of Irksome Birdsong {rN+ Str+3
                  | Dex-3}
 63631 | Vaults:5 | Identified the +2 battleaxe of Sefonamp {vamp, ^Contam
                  | Will+ Int+3 Dex+3}
 64030 | Vaults:5 | Identified the +1 hand axe of Makhleb {antimagic, rElec
                  | Dex+5}
 64248 | Vaults:4 | Killed a dread lich
 65169 | Zot:1    | Entered Level 1 of the Realm of Zot
 66078 | D:12     | Learned a level 5 spell: Silence
 66084 | D:12     | Learned a level 5 spell: Summon Forest
 66448 | Zot:1    | Reached XP level 24. HP: 186/193 MP: 44/44
 66582 | Zot:3    | Noticed a Killer Klown
 66599 | Zot:2    | Reached skill level 15 in Air Magic
 66660 | Zot:3    | Killed a Killer Klown
 66756 | Abyss:3  | Cast into level 3 of the Abyss (black draconian knight)
 66757 | Abyss:3  | Found a corrupted altar of Lugonu.
 66774 | Abyss:3  | Found a corrupted altar of Lugonu.
 66844 | Abyss:3  | Found a corrupted altar of Lugonu.
 66984 | Abyss:3  | Found a corrupted altar of Lugonu.
 67097 | Abyss:3  | Paralysed by accursed screaming for 2 turns
 67110 | Abyss:3  | Paralysed by accursed screaming for 1 turns
 67136 | Abyss:3  | Found a corrupted altar of Lugonu.
 67241 | Abyss:3  | Noticed a dread lich
 67254 | Abyss:3  | Killed a dread lich
 67341 | Abyss:3  | Found a corrupted altar of Lugonu.
 67352 | Zot:3    | Escaped the Abyss
 67615 | Zot:3    | Reached skill level 19 in Polearms
 68454 | Zot:3    | Gained mutation: Your body sometimes deteriorates upon
                  | taking damage. [mutagenic glow]
 68473 | Zot:3    | Gained mutation: You are frail. (-10% HP) [mutagenic glow]
 68513 | Zot:3    | Lost mutation: You are frail. (-10% HP) [potion of
                  | mutation]
 68513 | Zot:3    | Lost mutation: Your body sometimes deteriorates upon taking
                  | damage. [potion of mutation]
 68513 | Zot:3    | Gained mutation: You are partially covered in iridescent
                  | scales. (AC +2) [potion of mutation]
 68513 | Zot:3    | Gained mutation: You have a pair of small horns on your
                  | head. [potion of mutation]
 68698 | Zot:3    | a golden dragon changed into a caustic shrike
 68698 | Zot:3    | Noticed a caustic shrike
 68699 | Zot:3    | Killed a caustic shrike
 69415 | Zot:4    | Identified the +12 chain mail of Refuge {-Cast Will+++
                  | Slay-6 SInv}
 69455 | Zot:5    | Entered Level 5 of the Realm of Zot
 70566 | Lair:2   | Killed anet's ghost
 70591 | Lair:2   | Reached XP level 25. HP: 201/201 MP: 44/44
 71161 | Zot:5    | Noticed a dread lich
 71169 | Zot:5    | Noticed an orb of fire
 71169 | Zot:5    | Noticed a Killer Klown
 71171 | Zot:5    | Noticed a Killer Klown
 71174 | Zot:5    | Killed an orb of fire
 71190 | Zot:5    | Got the Orb of Zot
 71194 | Zot:5    | Killed a Killer Klown
 71326 | Depths:4 | Noticed Kafaxec the pandemonium lord
 71404 | D:15     | Noticed Izecs the pandemonium lord
 71443 | D:12     | Noticed Yfragoh the pandemonium lord
 71719 | D:1      | gg
 71720 | D:$      | Escaped with the Orb!

Illustrated notes

####### #..@..#
##...## #%###.#
#ß'''ß# ###.###
#.################
#.................
##########.#######
#.# ##


Turn 71719 on D:1: gg

Levels and vault maps discovered:
D:1:      saegor_arrival_simple_c, layout_loops_ring,
          shapermc_ecumenical_altar_venn
D:2:      layout_loops_corners, uniq_robin, uniq_sigmund
D:3:      layout_loops_ring, nicolae_yredelemnul_ghost_church,
          mainiacjoe_overflow_small_starburst, cheibrodos_sewer_entry_sluice,
          nicolae_elevator_lobby_asterisk, uniq_jessica
D:4:      layout_cave_pods, mainiacjoe_overflow_alcove_2
D:5:      layout_gridville, xom_confusion_cloud,
          minmay_temple_entry_enclosed_plants, serial_shops, shop
D:6:      layout_basic, elyvilon_altar_3, kiku_gazebo_garden_becter,
          uniq_menkaure, uniq_crazy_yiuf_cottage, uniq_grinder
D:7:      nzn_winding_woodlands_large [nzn_winding_woodlands_5x5_closed_star,
          nzn_winding_woodlands_5x15_pathside_ponds,
          nzn_winding_woodlands_hourglass, nzn_winding_woodlands_center_lodge,
          nzn_winding_woodlands_15x15_thick_spiral,
          nzn_winding_woodlands_center_triple_pond,
          nzn_winding_woodlands_5x5_cross, nzn_winding_woodlands_5x15_pool,
          nzn_winding_woodlands_5x5_three], layout_cave_pods, lemuel_round_altar
D:8:      layout_basic, gammafunk_ghost_smash, st_stairs_12, uniq_maggie,
          uniq_maurice
D:9:      lemuel_ice_spiral_2, layout_stronghold, erik_lair_island
D:10:     layout_rooms, grunt_temple_overflow_open, kennysheep_mini_moat
D:11:     layout_irregular_city
D:12:     layout_irregular_city, orc_0_dummy, uniq_kirke
D:13:     layout_basic, nicolae_figureground_sparkle, uniq_rupert, uniq_jorgrun
D:14:     layout_basic, david_vaults_4, trog_three_pillars_becter,
          uniq_josephine
D:15:     gammafunk_depths_entry_grave, layout_basic, minmay_misc_feat_rows
Lair:1:   layout_regular_city, lemuel_fruit_fields, grunt_megastairs_2
Lair:2:   layout_roguey, minmay_shoals_entry_centaurs,
          ebering_ghost_funeral_grove, nzn_random_ring, serial_bayou_shore_b,
          uniq_nergalle
Lair:3:   dreamdust_isle_of_ice, layout_layer_cave, guppyfry_snake_entry_garden,
          infiniplex_staircase_pool_2
Lair:4:   layout_regular_city, lemuel_centaur_altar
Lair:5:   grunt_lair_end_beastmaster, layout_cave_pods, slime_entry_2,
          serial_bayou_pond_e, serial_bayou_shore_a, lemuel_fruit_tree
Shoals:1: layout_shoals, nicolae_shoals_kraken_intersection, uniq_mlioglotl
Shoals:2: layout_shoals, nicolae_shoals_bring_sunscreen, uniq_polyphemus,
          uniq_aizul
Shoals:3: layout_shoals, serial_shops, bzr_entry_lakeside
Shoals:4: shoals_end_simple, layout_shoals
Snake:1:  layout_onion_interference, nicolae_alphabet_shops, minmay_shop_star,
          uniq_louise
Snake:2:  layout_onion_interference, uniq_donald, uniq_nikola
Snake:3:  layout_gridlike, minmay_shop_grove
Snake:4:  grunt_snake_rune_pools, layout_cave_town,
          portal_ice_cave_entry_pillars_2
Orc:1:    dreamdust_dug_too_deep, layout_caves, serial_shops,
          nicolae_shop_gibbet_a_chance, shop, shop, shop
Orc:2:    st_orc_mages, layout_caves, minmay_orc_temple_c
Vaults:1: vaults_room_stairs_pillars, nicolae_vaults_little_squares_4,
          ontoclasm_vaults_loading_screen, nicolae_vaults_rhombus_5,
          vaults_room_fancy_cross, nicolae_vaults_loss_of_containment,
          nicolae_vaults_twisting_passages, vaults_dpeg_ring,
          nicolae_vaults_mini_display_case, ontoclasm_vaults_twist,
          layout_vaults_omnigrid, serial_shops, shop
Vaults:2: minmay_crypt_entry_simple_corners, vaults_room_door_ring,
          hangedman_vaults_unwind, nicolae_vaults_tetromino_L_2,
          nicolae_vaults_spaceships, nicolae_vaults_angled_halls, v_rooms_5,
          hangedman_vaults_corner, nicolae_vaults_ninety_degrees,
          nicolae_vaults_yaktaur_gun_rack, nicolae_vaults_tetromino_T_1,
          nicolae_vaults_library_corner, ontoclasm_vaults_gateway,
          layout_vaults_omnicross, uniq_zenata
Vaults:3: abrahamwl_protected_by_tso_1, nicolae_vaults_frosty_reception,
          nicolae_vaults_hexular_roomagon, ontoclasm_vaults_chip,
          vaults_room_door_ring, nicolae_vaults_hallways_thing,
          hangedman_vaults_corner_blocks, v_misc_22, nicolae_vaults_diamond_1,
          nicolae_vaults_storage_closets_2, vaults_standard_mumra_x, v_misc_9,
          v_pattern_4, vaults_dpeg_hooks, nicolae_vaults_trapezoid_lopsided_1,
          layout_vaults_omnibox
Vaults:4: nicolae_vaults_more_shelving_1, vaults_room_grid,
          nicolae_vaults_trapezoid_layered, v_misc_33, special_room_vaults
          [special_room_orc], v_rooms_5, nicolae_vaults_network_star,
          vaults_dpeg_diagonal, nicolae_vaults_diamond_1,
          layout_vaults_chaotic_city
Vaults:5
Depths:1: layout_honeycomb, enter_ziggurat_d, pf_coc_iceberg,
          abyss_entry_small_statue_room, minmay_misc_feat_hallway,
          fedhas_altar_1
Depths:2: grated_community_mu [grated_community_mu_vampire_home,
          grated_community_mu_giant_home, grated_community_mu_spellcaster_home,
          grated_community_mu_orcish_home, grated_community_mu_troll_home,
          grated_community_mu_taur_home, grated_community_mu_unbuilt_plot],
          layout_cave_pools, minmay_misc_feat_iff, pan_entry, hell_entry
Depths:3: cheibrodos_salmonella, layout_cave_shapes, hellmouth_3, abyss_entry
Depths:4: grunt_zot_entry_gee_three, layout_long_grid, rand_demon_pan_entry_1,
          abyss_entry, grunt_hell_entry_dis_old
Zot:1:    nicolae_moth_party, layout_onion_interference,
          regret_index_zotdec_magical_s, grunt_megastairs_1
Zot:2:    kennysheep_spiral_hall, layout_gridlike, basic_altar,
          hangedman_zot_wheel_spokes
Zot:3:    gammafunk_mikee_crab_dinner, layout_gridlike,
          regret_index_zotdec_carving_tricks, st_small_dragon_hoard_1,
          grunt_ministairs_12, nicolae_rock_paper_scissors
Zot:4:    layout_misc_corridors, hangedman_swamp_dais
Zot:5:    layout_onion, regret_index_zotdec_zees, st_stairs_12,
          hangedman_zot_decor_slant

Skill      XL: |  1  2  3  4  5  6  7  8  9 10 11 12 13 14 15 16 17 18 19 20 21 22 23 24 |
---------------+-------------------------------------------------------------------------+-----
Conjurations   | 2 3 4 5 6 7 8 9 10 11 12 13 14 | 14.8
Spellcasting   | 5 6 7 8 9 10 11 12 13 14 15 16 17 | 17.8
Invocations    | 1 2 3 4 5 6 7 8 10 11 12 13 14 15 16 17 18 | 18.6
Fighting       | 1 2 3 4 5 6 7 8 9 10 11 12 13 14 15 16 17 | 17.1
Short Blades   | 1 2 3 4 5 6 7 8 9 10 11 12 13 14 15 16 17 | 17.1
Long Blades    | 1 2 3 4 5 6 7 8 9 10 11 12 13 14 15 16 17 | 17.1
Axes           | 1 2 3 4 5 6 7 8 9 10 11 12 13 14 15 16 17 | 17.1
Maces & Flails | 1 2 3 4 5 6 7 8 9 10 11 12 13 14 15 16 17 | 17.1
Polearms       | 1 2 3 4 5 6 7 8 9 10 11 12 13 15 16 17 18 19 | 19.8
Staves         | 1 2 3 4 5 6 7 8 9 10 11 12 13 14 15 16 17 | 17.1
Ranged Weapons | 1 2 3 4 5 6 7 8 9 10 11 12 13 14 15 16 17 | 17.1
Throwing       | 1 2 3 4 5 6 7 8 9 10 11 12 13 14 15 16 17 | 17.1
Armour         | 1 2 3 4 5 6 7 8 9 10 11 12 13 14 15 16 17 | 17.1
Shields        | 1 2 3 4 5 6 7 8 9 10 11 12 13 14 15 16 17 | 17.1
Unarmed Combat | 1 2 3 4 5 6 7 8 9 10 11 12 13 14 15 16 17 | 17.1
Evocations     | 1 2 3 4 5 6 7 8 9 10 11 12 13 14 15 16 17 | 17.1
Hexes          | 1 2 3 4 5 6 7 8 9 10 11 12 13 14 | 14.6
Summonings     | 1 2 3 4 5 6 7 8 9 10 11 12 13 14 | 14.6
Necromancy     | 1 2 3 4 5 6 7 8 9 10 11 12 13 14 | 14.6
Translocations | 1 2 3 4 5 6 7 8 9 10 11 12 13 14 | 14.6
Fire Magic     | 1 2 3 4 5 6 7 8 9 10 11 12 13 14 | 14.6
Ice Magic      | 1 2 3 4 5 6 7 8 9 10 11 12 13 14 | 14.6
Earth Magic    | 1 2 3 4 5 6 7 8 9 10 11 12 13 14 | 14.6
Alchemy        | 1 2 3 4 5 6 7 8 9 10 11 12 13 14 | 14.6
Shapeshifting  | 1 2 3 4 5 6 7 8 9 10 11 12 13 14 15 | 15.8
Dodging        | 5 6 7 8 9 10 11 12 13 14 15 16 17 | 17.7
Stealth        | 5 6 7 8 9 10 11 12 13 14 15 16 17 | 17.6
Air Magic      | 6 7 8 9 10 11 12 13 14 15 | 15.5

Action                     |  1- 3 |  4- 6 |  7- 9 | 10-12 | 13-15 | 16-18 | 19-21 | 22-24 | 25-27 || total
---------------------------+-------+-------+-------+-------+-------+-------+-------+-------+-------++-------
  Melee: Spear             |     3 |     6 |    62 |     2 |       |       |       |       |       ||    73
         Bite              |     1 |     1 |     9 |    56 |   137 |   405 |   702 |   845 |    26 ||  2182
         Trident           |       |       |       |   369 |    58 |       |       |       |       ||   427
         Scimitar          |       |       |       |       |   866 |   519 |       |       |       ||  1385
         Quick blade       |       |       |       |       |       |  1794 |  3206 |  3436 |   108 ||  8544
         Headbutt          |       |       |       |       |       |       |       |   136 |    44 ||   180
   Fire: Hand cannon       |       |       |       |       |       |    26 |       |       |       ||    26
  Throw: Dart              |       |       |     2 |     2 |     3 |     1 |       |       |       ||     8
         Throwing net      |       |       |       |       |     1 |       |       |       |       ||     1
   Cast: Shock             |    58 |    90 |   387 |   299 |   133 |    31 |       |       |       ||   998
         Airstrike         |       |       |    23 |   110 |    77 |   129 |       |       |       ||   339
         Sticky Flame      |       |       |       |       |    31 |     3 |     1 |     1 |       ||    36
         Irradiate         |       |       |       |       |    20 |    63 |    43 |    61 |     1 ||   188
         Blink             |       |       |       |       |       |     1 |       |       |       ||     1
         Freezing Cloud    |       |       |       |       |       |    85 |    67 |    41 |       ||   193
         Borgnjor's Vile C |       |       |       |       |       |       |    21 |    48 |       ||    69
         Confusing Touch   |       |       |       |       |       |       |       |     6 |       ||     6
         Summon Forest     |       |       |       |       |       |       |       |     4 |       ||     4
 Invoke: Potion Petition   |       |       |       |     1 |       |       |       |     3 |       ||     4
         Call Merchant     |       |       |       |       |       |     3 |       |     2 |       ||     5
         Bribe Branch      |       |       |       |       |       |       |       |       |     3 ||     3
  Evoke: Wand              |       |       |     2 |     1 |     9 |     3 |     1 |     5 |       ||    21
         Phial of floods   |       |       |       |       |       |     1 |       |       |       ||     1
         Phantom mirror    |       |       |       |       |       |       |       |     1 |       ||     1
    Use: Scroll            |       |     1 |    10 |    12 |     8 |    14 |       |    29 |     5 ||    79
         Potion            |       |       |       |     3 |     1 |     3 |     1 |    20 |     3 ||    31
   Stab: Distracted        |       |       |       |     4 |     4 |     8 |    13 |    22 |     1 ||    52
         Sleeping          |       |       |       |     1 |     8 |    24 |    28 |    11 |       ||    72
         Petrified         |       |       |       |       |       |     1 |       |     2 |       ||     3
         Petrifying        |       |       |       |       |       |       |       |    21 |       ||    21
         Confused          |       |       |       |       |       |       |       |    42 |     3 ||    45
         Paralysed         |       |       |       |       |       |       |       |    15 |       ||    15
         Invisible         |       |       |       |       |       |       |       |     3 |       ||     3
         Held in net/web   |       |       |       |       |       |       |       |     1 |       ||     1
 Armour: Robe              |     5 |    10 |    71 |    58 |       |       |       |       |       ||   144
         Swamp dragon scal |       |       |       |   267 |   939 |  1077 |   903 |   735 |       ||  3921
         Scale mail        |       |       |       |       |       |       |       |   419 |    26 ||   445
  Dodge: Dodged            |     4 |    15 |   101 |   311 |   877 |   600 |   701 |   706 |    19 ||  3334
  Block: Other             |       |     4 |    31 |    50 |       |       |       |       |       ||    85
         Reflection        |       |     1 |       |     5 |       |       |       |       |       ||     6
         Kite shield       |       |       |       |       |    95 |   957 |  1094 |  1060 |    30 ||  3236

Table legend: (Time is in decaauts)
 A = Elapsed time spent in this place.
 B = Non-inter-level travel time spent in this place.
 C = Inter-level travel time spent in this place.
 D = Time resting spent in this place.
 E = Time spent auto-exploring this place.
 F = Levels seen in this place.
 G = Mean time per level.
                   A        B        C        D        E       F      G
               +--------+--------+--------+--------+--------+-----+--------+
         Total |  70650 |  63370 |   7280 |  18189 |  26569 |  48 | 1471.9 |
       Dungeon |  21791 |  18927 |   2864 |   5420 |   9812 |  15 | 1452.7 |
          Lair |  11200 |  10081 |   1119 |   3959 |   3592 |   5 | 2240.0 |
        Shoals |   4169 |   3980 |    189 |    768 |   1641 |   4 | 1042.2 |
     Snake Pit |   5814 |   5393 |    421 |   1315 |   2176 |   4 | 1453.5 |
  Orcish Mines |   2883 |   2441 |    442 |    322 |   1207 |   2 | 1441.5 |
        Vaults |  10339 |   9513 |    826 |   1742 |   4525 |   5 | 2067.8 |
        Depths |   7142 |   6067 |   1075 |   1456 |   2675 |   4 | 1785.5 |
           Zot |   3661 |   3319 |    342 |   1447 |    345 |   5 |  732.2 |
         Abyss |    542 |    542 |      0 |    183 |     27 |   1 |  542.0 |
        Bazaar |    147 |    147 |      0 |      0 |     83 |   1 |  147.0 |
         Sewer |    548 |    548 |      0 |    154 |    278 |   1 |  548.0 |
      Ice Cave |   2408 |   2408 |      0 |   1421 |    208 |   1 | 2408.0 |
               +--------+--------+--------+--------+--------+-----+--------+

Top non-repeatable levels by time:
     D:7: 3135 daAuts
  Lair:5: 2707 daAuts
Vaults:5: 2691 daAuts
  Lair:2: 2686 daAuts
Depths:3: 2551 daAuts
  Lair:3: 2511 daAuts
   IceCv: 2408 daAuts
Vaults:4: 2276 daAuts
   Orc:2: 2061 daAuts
Vaults:3: 2013 daAuts
Depths:4: 1882 daAuts
     D:9: 1874 daAuts
  Lair:1: 1825 daAuts
Vaults:1: 1777 daAuts
 Snake:4: 1748 daAuts
